TOP OF THE 1ST |
Lakewood BlueClaws batting - Pitching for Fort Wayne TinCaps : RHP Marcus Hill
|
Pitching: RHP Marcus Hill
|
|
Batting: RHB Alberto Ramirez
|
0-0: Ground out 6-3 (Groundball, 6M, EV 106.9 MPH)
|
Batting: RHB Steve Jones
|
0-0: Called Strike 0-1: Ball 1-1: Ball 2-1: SINGLE (Groundball, 25, EV 67.5 MPH) (infield hit)
|
Batting: SHB Bob Dixon
|
0-0: Ball Steve Jones steals 2nd base 1-0: Ball 2-0: Called Strike 2-1: Foul Ball, location: 2F 2-2: Fly out, F9 (Flyball, 9, EV 84.4 MPH)
|
Batting: RHB Danny Krug
|
0-0: Foul Ball, location: 2F 0-1: Ball 1-1: Foul Ball, location: 2F 1-2: Ball 2-2: Ball 3-2: Ground out 1-3 (Groundball, 13S, EV 67.5 MPH)
|
Top of the 1st over - 0 runs, 1 hit, 0 errors, 1 left on base; Lakewood 0 - Fort Wayne 0 |
BOTTOM OF THE 1ST |
Fort Wayne TinCaps batting - Pitching for Lakewood BlueClaws : RHP Ben Clayton
|
Pitching: RHP Ben Clayton
|
|
Batting: LHB Angel Mejia
|
0-0: Called Strike 0-1: Foul Ball, location: 2F 0-2: Ball 1-2: Reached on error, E4 (Groundball, 34D, EV 88.8 MPH)
|
Batting: RHB Rodolfo Rivera
|
0-0: Ball 1-0: Foul Ball, location: 2F 1-1: Ball Angel Mejia steals 2nd base 2-1: Ball 3-1: Base on Balls
|
Batting: LHB James Sousa
|
0-0: Called Strike 0-1: Ball 1-1: Ground out 6-3 (Groundball, 4MS, EV 69.4 MPH) Angel Mejia to third Rodolfo Rivera to second
|
Batting: RHB Juan Martinez
|
0-0: Ball 1-0: SINGLE (Groundball, 56D, EV 105.6 MPH) Angel Mejia scores Rodolfo Rivera to third Runner from 3rd tries for Home, SAFE, throw by LF to home
|
Batting: LHB Mike Schermerhorn
|
0-0: Called Strike Juan Martinez steals 2nd base 0-1: Ball 1-1: Called Strike 1-2: Strikes out swinging
|
Batting: RHB Mike Maserang
|
0-0: SINGLE (Line Drive, 56, EV 100.6 MPH) Juan Martinez to third Runner from 3rd tries for Home, throw by LF and OUT! 7-2
|
Bottom of the 1st over - 2 runs, 2 hits, 1 error, 1 left on base; Lakewood 0 - Fort Wayne 2 |
TOP OF THE 2ND |
Lakewood BlueClaws batting - Pitching for Fort Wayne TinCaps : RHP Marcus Hill
|
Batting: RHB Roberto Ruiz
|
0-0: Ball 1-0: Fly out, F8 (Flyball, 8LD, EV 98.8 MPH)
|
Batting: RHB Kyle Morse
|
0-0: Ball 1-0: Ground out 6-3 (Groundball, 6, EV 80.0 MPH)
|
Batting: LHB Troy Hodge
|
0-0: Ball 1-0: Called Strike 1-1: SINGLE (Groundball, 5D, EV 96.2 MPH)
|
Batting: RHB Pedro Mata
|
0-0: Called Strike 0-1: Ground out U3 (Groundball, 34, EV 106.2 MPH)
|
Top of the 2nd over - 0 runs, 1 hit, 0 errors, 1 left on base; Lakewood 0 - Fort Wayne 2 |
BOTTOM OF THE 2ND |
Fort Wayne TinCaps batting - Pitching for Lakewood BlueClaws : RHP Ben Clayton
|
Batting: SHB Josh Parker
|
0-0: Foul Ball, location: 2F 0-1: Ball 1-1: Foul Ball, location: 2F 1-2: SINGLE (Flyball, 7LS, EV 87.5 MPH)
|
Batting: RHB Rich Justice
|
0-0: Called Strike 0-1: Foul Ball, location: 2F 0-2: Fly out, F7 (Flyball, 7S, EV 85.6 MPH)
|
Batting: RHB Nelson Trujillo
|
0-0: Ball 1-0: Called Strike 1-1: Foul Ball, location: 2F 1-2: Foul Ball, location: 2F 1-2: 2-RUN HOME RUN (Flyball, 7D, EV 96.9 MPH), Distance : 372 ft
|
Batting: LHB Angel Mejia
|
0-0: Ball 1-0: Foul Ball, location: 2F 1-1: DOUBLE (Flyball, 8LXD, EV 96.2 MPH)
|
Batting: RHB Rodolfo Rivera
|
0-0: Swinging Strike 0-1: Ball 1-1: Ball 2-1: Ball 3-1: Fly out, F8 (Flyball, 78M, EV 88.8 MPH)
|
Batting: LHB James Sousa
|
0-0: Called Strike 0-1: Foul Ball, location: 2F 0-2: Ball 1-2: Ball 2-2: Ground out U3 (Groundball, 34S, EV 84.4 MPH)
|
Bottom of the 2nd over - 2 runs, 3 hits, 0 errors, 1 left on base; Lakewood 0 - Fort Wayne 4 |
TOP OF THE 3RD |
Lakewood BlueClaws batting - Pitching for Fort Wayne TinCaps : RHP Marcus Hill
|
Batting: SHB Mike Rueth
|
0-0: Foul Ball, location: 2F 0-1: Swinging Strike 0-2: Ball 1-2: Ball 2-2: Foul Ball, location: 2F 2-2: Fly out, F6 (Popup, 6M, EV 63.1 MPH)
|
Batting: RHB Alberto Ramirez
|
0-0: Ground out 5-3 (Groundball, 5, EV 84.4 MPH)
|
Batting: RHB Steve Jones
|
0-0: Ball 1-0: DOUBLE (Line Drive, 9LM, EV 96.2 MPH)
|
Batting: SHB Bob Dixon
|
0-0: Called Strike 0-1: Swinging Strike 0-2: Ball 1-2: Strikes out swinging
|
Top of the 3rd over - 0 runs, 1 hit, 0 errors, 1 left on base; Lakewood 0 - Fort Wayne 4 |
BOTTOM OF THE 3RD |
Fort Wayne TinCaps batting - Pitching for Lakewood BlueClaws : RHP Ben Clayton
|
Batting: RHB Juan Martinez
|
0-0: Ground out 6-3 (Groundball, 6, EV 81.2 MPH)
|
Batting: LHB Mike Schermerhorn
|
0-0: Ball 1-0: SINGLE (Line Drive, 6M, EV 94.4 MPH)
|
Batting: RHB Mike Maserang
|
0-0: Ball 1-0: Called Strike 1-1: Ball 2-1: Foul Ball, location: 2F 2-2: Fly out, F6 (Flyball, 5D, EV 71.9 MPH)
|
Batting: SHB Josh Parker
|
0-0: SINGLE (Line Drive, 6D, EV 105.6 MPH) Mike Schermerhorn to second
|
Batting: RHB Rich Justice
|
0-0: Called Strike 0-1: SINGLE (Groundball, 2L, EV 68.8 MPH) (infield hit) Mike Schermerhorn to third Josh Parker to second
|
Batting: RHB Nelson Trujillo
|
0-0: Ball 1-0: Foul Ball, location: 2F 1-1: Foul Ball, location: 2F 1-2: SINGLE (Groundball, 6MD, EV 101.9 MPH) Mike Schermerhorn scores Josh Parker to third Rich Justice to second Runner from 3rd tries for Home, throw by CF and OUT! 8-2
|
Bottom of the 3rd over - 1 run, 4 hits, 0 errors, 2 left on base; Lakewood 0 - Fort Wayne 5 |
TOP OF THE 4TH |
Lakewood BlueClaws batting - Pitching for Fort Wayne TinCaps : RHP Marcus Hill
|
Batting: RHB Danny Krug
|
0-0: Called Strike 0-1: Foul Ball, location: 2F 0-2: Strikes out swinging
|
Batting: RHB Roberto Ruiz
|
0-0: Swinging Strike 0-1: Ball 1-1: Ball 2-1: Ball 3-1: Foul Ball, location: 2F 3-2: Base on Balls
|
Batting: RHB Kyle Morse
|
0-0: Ball 1-0: Ball 2-0: Foul Ball, location: 2F 2-1: Foul Ball, location: 2F 2-2: Foul Ball, location: 2F 2-2: Foul Ball, location: 2F 2-2: Ball 3-2: Fielders Choice at 2nd, 6-4 (Groundball, 6, EV 106.9 MPH)
|
Batting: LHB Troy Hodge
|
0-0: Ball 1-0: Ball 2-0: Ball 3-0: Called Strike 3-1: SINGLE (Flyball, 6MD, EV 91.9 MPH) Kyle Morse to second
|
Batting: RHB Pedro Mata
|
0-0: Called Strike 0-1: Reached on error, E4 (Groundball, 4, EV 100.0 MPH) Kyle Morse scores Troy Hodge to third
|
Batting: SHB Mike Rueth
|
0-0: Foul Ball, location: 2F 0-1: Foul Ball, location: 2F 0-2: Ball 1-2: Ball 2-2: Foul Ball, location: 2F 2-2: Strikes out swinging
|
Top of the 4th over - 1 run, 1 hit, 1 error, 2 left on base; Lakewood 1 - Fort Wayne 5 |
BOTTOM OF THE 4TH |
Fort Wayne TinCaps batting - Pitching for Lakewood BlueClaws : RHP Ben Clayton
|
Batting: LHB Angel Mejia
|
0-0: Reached on error, E3 (Groundball, 3S, EV 90.6 MPH)
|
Batting: RHB Rodolfo Rivera
|
0-0: Called Strike Angel Mejia steals 2nd base (no throw) 0-1: Swinging Strike 0-2: Ball 1-2: Strikes out swinging
|
Batting: LHB James Sousa
|
0-0: Ball 1-0: Called Strike 1-1: Swinging Strike 1-2: Strikes out swinging
|
Batting: RHB Juan Martinez
|
0-0: Foul Ball, location: 2F 0-1: Foul Ball, location: 2F 0-2: Foul Ball, location: 2F 0-2: Foul Ball, location: 2F 0-2: DOUBLE (Groundball, 5L, EV 107.5 MPH) Angel Mejia scores
|
Pitching: RHP Ricardo Dominguez
|
|
Batting: LHB Mike Schermerhorn
|
0-0: Swinging Strike 0-1: Ball 1-1: Ball 2-1: TRIPLE (Line Drive, 89XD, EV 106.2 MPH) Juan Martinez scores
|
Batting: RHB Mike Maserang
|
0-0: Ground out 6-3 (Groundball, P, EV 79.4 MPH)
|
Bottom of the 4th over - 2 runs, 2 hits, 1 error, 1 left on base; Lakewood 1 - Fort Wayne 7 |
TOP OF THE 5TH |
Lakewood BlueClaws batting - Pitching for Fort Wayne TinCaps : RHP Marcus Hill
|
Batting: RHB Alberto Ramirez
|
0-0: Ball 1-0: Swinging Strike 1-1: SINGLE (Line Drive, 78S, EV 100.0 MPH)
|
Batting: RHB Steve Jones
|
0-0: Swinging Strike 0-1: Ball 1-1: Called Strike 1-2: Ball 2-2: Ball 3-2: Foul Ball, location: 2F 3-2: Foul Ball, location: 2F 3-2: SINGLE (Groundball, 56S, EV 65.6 MPH) (infield hit) Alberto Ramirez to second
|
Batting: SHB Bob Dixon
|
0-0: Called Strike 0-1: Fielders Choice at 2nd, 3-6 (Groundball, 3, EV 85.6 MPH) Alberto Ramirez to third
|
Batting: RHB Danny Krug
|
0-0: Foul Ball, location: 2F 0-1: Swinging Strike 0-2: 3-RUN HOME RUN (Flyball, 7D, EV 100.0 MPH), Distance : 378 ft
|
Batting: RHB Roberto Ruiz
|
0-0: Called Strike 0-1: Swinging Strike 0-2: Ball 1-2: Foul Ball, location: 2F 1-2: Ground out 6-3 (Groundball, 6, EV 104.4 MPH)
|
Pitching: LHP John Maher
|
|
Batting: RHB Kyle Morse
|
0-0: Ball 1-0: SINGLE (Groundball, 56S, EV 71.9 MPH) (infield hit)
|
Pitching: RHP Roman Baines
|
|
Batting: LHB Troy Hodge
|
0-0: Called Strike 0-1: Fly out, F7 (Flyball, 7D, EV 108.8 MPH)
|
Top of the 5th over - 3 runs, 4 hits, 0 errors, 1 left on base; Lakewood 4 - Fort Wayne 7 |
BOTTOM OF THE 5TH |
Fort Wayne TinCaps batting - Pitching for Lakewood BlueClaws : RHP Ricardo Dominguez
|
Batting: SHB Josh Parker
|
0-0: Foul Ball, location: 2F 0-1: Called Strike 0-2: Fly out, F9 (Flyball, 9, EV 85.0 MPH)
|
Batting: RHB Rich Justice
|
0-0: Ball 1-0: Foul Ball, location: 2F 1-1: Ground out 1-3 (Groundball, 13, EV 73.8 MPH)
|
Batting: RHB Nelson Trujillo
|
0-0: Swinging Strike 0-1: Swinging Strike 0-2: Ball 1-2: SINGLE (Groundball, 56D, EV 103.1 MPH)
|
Batting: LHB Angel Mejia
|
0-0: Ball 1-0: Called Strike 1-1: Swinging Strike 1-2: Fielders Choice at 2nd, 6-4 (Groundball, 4M, EV 76.9 MPH)
|
Bottom of the 5th over - 0 runs, 1 hit, 0 errors, 1 left on base; Lakewood 4 - Fort Wayne 7 |
TOP OF THE 6TH |
Lakewood BlueClaws batting - Pitching for Fort Wayne TinCaps : RHP Roman Baines
|
Batting: RHB Pedro Mata
|
0-0: Called Strike 0-1: Ball 1-1: Ball 2-1: Foul Ball, location: 2F 2-2: Foul Ball, location: 2F 2-2: Fly out, F7 (Flyball, 7LM, EV 91.9 MPH)
|
Batting: SHB Mike Rueth
|
0-0: Ball 1-0: Called Strike 1-1: Called Strike 1-2: Ball 2-2: Foul Ball, location: 2F 2-2: DOUBLE (Line Drive, 8LXD, EV 100.0 MPH)
|
Batting: RHB Alberto Ramirez
|
0-0: SINGLE (Groundball, 56, EV 98.1 MPH) (infield hit) Mike Rueth to third
|
Batting: RHB Steve Jones
|
0-0: Ball 1-0: Ball 2-0: Ball 3-0: Called Strike 3-1: Foul Ball, location: 2F 3-2: Fielders Choice at 2nd, 4-6 (Groundball, 34, EV 87.5 MPH) Mike Rueth scores
|
Batting: SHB Bob Dixon
|
0-0: Foul Ball, location: 2F 0-1: Swinging Strike 0-2: Ground out 5-3 (Groundball, 5, EV 87.5 MPH)
|
Top of the 6th over - 1 run, 2 hits, 0 errors, 1 left on base; Lakewood 5 - Fort Wayne 7 |
BOTTOM OF THE 6TH |
Fort Wayne TinCaps batting - Pitching for Lakewood BlueClaws : RHP Ricardo Dominguez
|
Batting: RHB Rodolfo Rivera
|
0-0: Called Strike 0-1: Fly out, F8 (Flyball, 89D, EV 103.8 MPH)
|
Batting: LHB James Sousa
|
0-0: Ball 1-0: Ball 2-0: Swinging Strike 2-1: Fly out, F8 (Flyball, 8LM, EV 84.4 MPH)
|
Batting: RHB Juan Martinez
|
0-0: SOLO HOME RUN (Flyball, 7D, EV 95.6 MPH), Distance : 376 ft
|
Batting: LHB Mike Schermerhorn
|
0-0: Ball 1-0: Foul Ball, location: 2F 1-1: SINGLE (Groundball, 13S, EV 66.2 MPH) (infield hit)
|
Batting: RHB Mike Maserang
|
0-0: Swinging Strike 0-1: Swinging Strike 0-2: Ball 1-2: Strikes out swinging
|
Bottom of the 6th over - 1 run, 2 hits, 0 errors, 1 left on base; Lakewood 5 - Fort Wayne 8 |
TOP OF THE 7TH |
Lakewood BlueClaws batting - Pitching for Fort Wayne TinCaps : RHP Roman Baines
|
Pitching: RHP Andre Wiltz
|
|
Batting: RHB Danny Krug
|
0-0: Ball 1-0: Ball 2-0: Ball 3-0: Called Strike 3-1: Fly out, F4 (Flyball, 34D, EV 92.5 MPH)
|
Batting: RHB Roberto Ruiz
|
0-0: Called Strike 0-1: Called Strike 0-2: Foul Ball, location: 2F 0-2: Foul Ball, location: 2F 0-2: Foul Ball, location: 2F 0-2: Ball 1-2: Ball 2-2: Foul Ball, location: 2F 2-2: Fly out, F7 (Line Drive, 7, EV 87.5 MPH)
|
Batting: RHB Kyle Morse
|
0-0: Ground out 5-3 (Groundball, 56, EV 83.8 MPH)
|
Top of the 7th over - 0 runs, 0 hits, 0 errors, 0 left on base; Lakewood 5 - Fort Wayne 8 |
BOTTOM OF THE 7TH |
Fort Wayne TinCaps batting - Pitching for Lakewood BlueClaws : RHP Ricardo Dominguez
|
Pitching: RHP Ronnie DeAngelo
|
|
Batting: SHB Josh Parker
|
0-0: Ball 1-0: Ball 2-0: Foul Ball, location: 2F 2-1: Foul Ball, location: 2F 2-2: Ball 3-2: Base on Balls
|
Batting: RHB Rich Justice
|
0-0: Sac Bunt to 23 - play at first, batter OUT! 3-4 Josh Parker to second
|
Batting: RHB Nelson Trujillo
|
0-0: Ball 1-0: Called Strike 1-1: DOUBLE (Groundball, 5L, EV 110.0 MPH) Josh Parker scores
|
Batting: LHB Angel Mejia
|
0-0: Ball 1-0: Ball 2-0: Called Strike Balk! Nelson Trujillo to third 2-1: Fly out, F8 (Flyball, 78D, EV 94.4 MPH)
|
Batting: RHB Rodolfo Rivera
|
0-0: Ball 1-0: Ball 2-0: Ball 3-0: Called Strike 3-1: SINGLE (Line Drive, 4MD, EV 108.1 MPH) Nelson Trujillo scores
|
Batting: LHB James Sousa
|
0-0: Called Strike 0-1: Ball 1-1: Foul Ball, location: 2F 1-2: Strikes out swinging
|
Bottom of the 7th over - 2 runs, 2 hits, 0 errors, 1 left on base; Lakewood 5 - Fort Wayne 10 |
TOP OF THE 8TH |
Lakewood BlueClaws batting - Pitching for Fort Wayne TinCaps : RHP Andre Wiltz
|
Batting: LHB Troy Hodge
|
0-0: Called Strike 0-1: Ball 1-1: Ball 2-1: Called Strike 2-2: Foul Ball, location: 2F 2-2: Foul Ball, location: 2F 2-2: Ball 3-2: SINGLE (Groundball, 34D, EV 99.4 MPH)
|
Pitching: RHP Zach Monlux
|
|
Batting: RHB Pedro Mata
|
0-0: Ground out 5-3 (Groundball, 56S, EV 65.6 MPH) Troy Hodge to second
|
Batting: SHB Mike Rueth
|
0-0: Ball 1-0: Ball 2-0: Ball 3-0: Base on Balls
|
Batting: RHB Alberto Ramirez
|
0-0: SINGLE (Groundball, 34D, EV 104.4 MPH) Troy Hodge to third Mike Rueth to second Runner from 3rd tries for Home, SAFE, throw by RF to home
|
Batting: RHB Steve Jones
|
0-0: Ball 1-0: Fielders Choice at 2nd, 3-6 (Groundball, 3, EV 90.6 MPH) Mike Rueth to third
|
Batting: SHB Bob Dixon
|
0-0: Ball Wild Pitch! Mike Rueth scores Steve Jones to second 1-0: Foul Ball, location: 2F 1-1: Ball 2-1: Ground out 4-3 (Groundball, 4, EV 102.5 MPH)
|
Top of the 8th over - 2 runs, 2 hits, 0 errors, 1 left on base; Lakewood 7 - Fort Wayne 10 |
BOTTOM OF THE 8TH |
Fort Wayne TinCaps batting - Pitching for Lakewood BlueClaws : RHP Ronnie DeAngelo
|
Pitching: RHP Derek Ziolkowski
|
|
Batting: RHB Juan Martinez
|
0-0: Swinging Strike 0-1: Foul Ball, location: 2F 0-2: Strikes out swinging
|
Batting: LHB Mike Schermerhorn
|
0-0: Ball 1-0: Ball 2-0: Ball 3-0: Base on Balls
|
Batting: RHB Mike Maserang
|
0-0: Called Strike 0-1: Called Strike 0-2: Ball 1-2: Ball 2-2: Strikes out swinging
|
Batting: SHB Josh Parker
|
0-0: Called Strike 0-1: Ball 1-1: Ground out U3 (Groundball, 3L, EV 87.5 MPH)
|
Bottom of the 8th over - 0 runs, 0 hits, 0 errors, 1 left on base; Lakewood 7 - Fort Wayne 10 |
TOP OF THE 9TH |
Lakewood BlueClaws batting - Pitching for Fort Wayne TinCaps : RHP Zach Monlux
|
Pitching: RHP Arturo Diaz
|
|
Now at 3B: Brian Burd
|
|
Batting: RHB Danny Krug
|
0-0: Swinging Strike 0-1: Called Strike 0-2: Ball 1-2: Fly out, F5 (Popup, 25F, EV 81.9 MPH)
|
Batting: RHB Roberto Ruiz
|
0-0: Ball 1-0: Ball 2-0: Swinging Strike 2-1: Called Strike 2-2: Strikes out swinging
|
Batting: RHB Kyle Morse
|
0-0: Called Strike 0-1: Foul Ball, location: 2F 0-2: Ball 1-2: Foul Ball, location: 2F 1-2: Ball 2-2: Strikes out swinging
|
Top of the 9th over - 0 runs, 0 hits, 0 errors, 0 left on base; Lakewood 7 - Fort Wayne 10 |
|